Map: Deathaura LE

Players

Serral - Winner!

  • Race: Zerg Zerg
  • League: Master
  • Spawn Location: 11:00

Reynor

  • Race: Zerg Zerg
  • Spawn Location: 5:00

Event: DreamHack SC2 Masters 2020 Summer Europe

VOD

Have the link to the VOD?

Description

Time

  • Played on: July 10, 2020, 1:23 p.m.
  • Length: 7:49

All games in this series

Show
View Real Time Build Order
Export as new Build Order

Serral Zerg - Winner!

Build Orders: Hatch First, Roach Nydus 

Get SALT Encoding   

  12  0:00  Drone  
  13  0:11  Overlord  
  13  0:16  Drone  
  14  0:30  Drone x2  
  16  0:47  Hatchery  
  15  0:50  Drone  
  15  0:54  Drone  
  17  0:58  Drone  
  18  1:08  Extractor  
  17  1:13  Spawning Pool  
  17  1:15  Drone  
  17  1:18  Drone  
  18  1:27  Drone  
  19  1:38  Drone  
  20  1:49  Drone  
  21  1:59  Overlord, Queen x2  
  21  2:00  Zergling x2  
  26  2:10  Drone x2  
  28  2:21  Drone x2  
  30  2:32  Hatchery  
  30  2:34  Drone  
  30  2:38  Drone  
  30  2:42  Overlord  
  31  2:45  Drone  
  32  2:53  Drone x2  
  32  2:57  Evolution Chamber  
  33  3:05  Drone  
  34  3:06  Drone  
  34  3:08  Drone x6  
  34  3:12  Roach Warren  
  40  3:16  Overlord  
  40  3:18  Drone  
  41  3:23  Zerg Missile Weapons Level 1  
  41  3:29  Drone x2  
  41  3:31  Lair  
  43  3:35  Extractor  
  43  3:36  Extractor  
  43  3:38  Drone x2  
  43  3:41  Drone x3  
  45  3:45  Drone  
  45  3:48  Overlord  
  47  3:51  Drone x2  
  47  3:55  Queen  
  51  3:59  Overlord  
  53  4:02  Roach  
  53  4:04  Roach  
  53  4:07  Overlord  
  53  4:09  Roach  
  57  4:13  Roach  
  59  4:17  Drone x3  
  59  4:20  Drone  
  59  4:21  Drone  
  64  4:25  Roach x2  
  64  4:28  Overlord  
  64  4:30  Overseer  
  68  4:34  Roach  
  68  4:35  Glial Reconstitution  
  68  4:38  Roach x2  
  74  4:47  Roach  
  74  4:48  Roach x2  
  74  4:50  Overlord  
  80  4:58  Roach x2  
  80  4:59  Roach x2  
  88  5:05  Extractor  
  87  5:11  Overseer  
  87  5:12  Roach x4  
  95  5:25  Roach  
  95  5:26  Overlord x3  
  97  5:29  Overlord x2  
  97  5:30  Overlord  
  97  5:31  Overlord  
  97  5:33  Roach  
  96  5:39  Nydus Network  
  96  5:41  Overlord  
  95  5:45  Roach x5  
  95  5:47  Roach x2  
  111  5:50  Roach  
  111  5:51  Roach  
  113  5:57  Roach x2  
  113  5:58  Roach  
  113  6:00  Roach  
  113  6:01  Overseer  
  113  6:02  Roach  
  123  6:05  Roach  
  123  6:08  Roach  
  123  6:09  Roach  
  129  6:16  Nydus Canal  
  129  6:18  Roach x2  
  133  6:23  Roach x2  
  137  6:25  Overlord  
  137  6:26  Overlord  
  137  6:32  Nydus Canal  
  135  6:33  Roach  
  135  6:35  Roach  
  135  6:39  Roach x2  
  141  6:42  Roach  
  141  6:44  Roach  
  141  6:46  Roach  
  137  6:49  Roach  
  137  6:50  Roach  
  137  6:53  Roach  
  123  6:56  Roach  
  123  6:57  Roach  
  123  7:01  Roach  
  119  7:03  Roach  
  119  7:07  Roach x2  
  113  7:10  Roach  
  113  7:13  Roach x2  
  109  7:18  Roach x2  
  109  7:21  Roach  
  109  7:24  Roach  
  109  7:26  Roach  
  109  7:29  Roach  
Show
View Real Time Build Order
Export as new Build Order

Reynor Zerg 

Build Orders: Hatch First 

Get SALT Encoding   

  12  0:00  Drone  
  13  0:12  Overlord  
  13  0:16  Drone  
  14  0:30  Drone x2  
  16  0:47  Hatchery  
  15  0:51  Drone  
  15  0:53  Drone  
  17  0:57  Drone  
  18  1:10  Extractor  
  17  1:13  Spawning Pool  
  17  1:16  Drone  
  17  1:19  Drone  
  18  1:27  Drone  
  19  1:38  Drone  
  20  1:49  Drone  
  21  1:59  Overlord  
  21  2:00  Queen x2  
  25  2:01  Drone  
  26  2:10  Drone x2  
  28  2:21  Drone x2  
  30  2:32  Drone x2  
  30  2:35  Queen  
  34  2:41  Overlord  
  34  2:43  Drone  
  35  2:48  Evolution Chamber  
  35  2:50  Lair  
  34  2:53  Drone x2  
  36  3:04  Drone x2  
  38  3:06  Roach Warren  
  38  3:07  Drone x4  
  38  3:09  Drone  
  38  3:10  Drone  
  43  3:15  Zerg Missile Weapons Level 1  
  43  3:17  Drone  
  44  3:21  Extractor x2  
  44  3:23  Overlord  
  44  3:26  Drone  
  44  3:27  Drone  
  44  3:42  Drone x5  
  44  3:43  Drone x2  
  44  3:46  Overlord  
  51  3:49  Drone  
  51  3:50  Extractor  
  51  3:54  Drone  
  52  3:56  Glial Reconstitution  
  52  4:07  Roach x2  
  56  4:12  Roach, Overlord  
  56  4:14  Hatchery  
  56  4:17  Roach  
  59  4:20  Overlord  
  59  4:32  Roach x4  
  59  4:34  Spire  
  59  4:37  Roach  
  68  4:39  Roach  
  70  4:46  Roach x2  
  70  4:47  Roach  
  70  4:50  Overlord  
  76  5:00  Overlord  
  76  5:10  Drone x6  
  76  5:14  Overlord  
  82  5:15  Drone x2  
  84  5:22  Overlord  
  84  5:24  Drone x2  
  86  5:36  Overlord  
  86  5:46  Mutalisk x2, Drone  
  86  5:47  Mutalisk x3  
  86  5:48  Drone x3  
  100  5:52  Drone x2  
  100  5:53  Drone x2  
  100  5:55  Evolution Chamber  
  103  5:57  Extractor  
  103  5:58  Pneumatized Carapace, Extractor  
  103  6:00  Drone x2  
  103  6:04  Drone x2  
  103  6:05  Overlord  
  103  6:08  Roach  
  107  6:11  Roach x3  
  107  6:14  Overlord  
  107  6:16  Roach  
  107  6:18  Roach  
  117  6:21  Roach  
  117  6:23  Ravager x2  
  121  6:26  Roach x3  
  121  6:27  Spine Crawler  
  121  6:28  Ravager  
  121  6:30  Ravager  
  121  6:31  Overlord  
  121  6:32  Roach  
  130  6:33  Zergling x2  
  130  6:38  Roach x2  
  135  6:40  Overlord  
  135  6:46  Roach x2  
  137  6:51  Roach x4  
  121  6:58  Roach x2  
  110  7:01  Roach x2  
  110  7:02  Roach, Queen, Zergling x2  
  110  7:03  Queen  
  110  7:04  Roach, Zergling x2  
  100  7:11  Roach  
  100  7:13  Roach  
  100  7:14  Roach  
  91  7:22  Roach  
  91  7:25  Roach  
  91  7:29  Roach  
Tags
 
Add a new tag
Caveats
  • Supply blocks, unpowered buildings, or Contaminate may cause inaccurate times.
  • Supply counts are checked every 10 seconds.